 Dungeon Crawl Stone Soup version 0.27.1-34-g3ba077fa99 (webtiles) character file.

Game seed: 8991103404202832078

11 pkoi the Insei (level 2, -3/26 HPs)
             Began as a Draconian Monk on Jan 7, 2022.
             Slain by a gnoll (10 damage)
             ... on level 1 of the Dungeon.
             The game lasted 00:00:27 (660 turns).

pkoi the Insei (Draconian Monk)                      Turns: 660, Time: 00:00:28

Health: -3/26      AC:  4    Str: 13    XL:     2   Next: 17%
Magic:  2/2        EV: 12    Int: 10    God:
Gold:   4          SH:  0    Dex: 13    Spells: 1/1 levels left

rFire    . . .     SeeInvis .   c - +0 dagger (speed)
rCold    . . .     Faith    .   (no shield)
rNeg     . . .     Spirit   .   (armour unavailable)
rPois    +         Reflect  .   (helmet restricted)
rElec    .         Harm     .   (no cloak)
rCorr    .         Rampage  .   (no gloves)
Will     .....                  (no boots)
Stlth    ++........             (no amulet)
HPRegen  0.08/turn              b - ring of poison resistance
MPRegen  0.08/turn              (no ring)

@: no status effects
A: AC +4, unfitting armour, cold-blooded
a: no special abilities


You were on level 1 of the Dungeon.
You visited 1 branch of the dungeon, and saw 1 of its levels.

You collected 4 gold pieces.

Inventory:

Hand Weapons
 c - a +0 dagger of speed (weapon)
Jewellery
 b - a ring of poison resistance (left hand)
Scrolls
 a - a scroll of vulnerability {unknown}
 f - a scroll of teleportation {unknown}
 g - a scroll of identify {unknown}
Potions
 d - 2 potions of magic {unknown}
 e - a potion of berserk rage {unknown}


   Skills:
 - Level 3.2 Fighting
 - Level 2.6 Dodging
 - Level 1.7 Stealth
 + Level 3.7 Unarmed Combat


You had one spell level left.
You didn't know any spells.
Your spell library contained the following spells:

 Spells                   Type           Power      Damage    Failure   Level
 Passwall                 Tmut/Erth      0%         N/A       50%         2
 Swiftness                Air            0%         N/A       75%         3
 Invisibility             Hex            0%         N/A       100%        6


Dungeon Overview and Level Annotations

Branches:
Dungeon (1/15)

Altars:


Innate Abilities, Weirdness & Mutations

Your plain brown scales are hard. (AC +4)
You cannot fit into any form of body armour.
You are cold-blooded and may be slowed by cold attacks.


Message History

You are too injured to fight recklessly!
You are too injured to fight recklessly!
You are too injured to fight recklessly!
You are too injured to fight recklessly!
You are too injured to fight recklessly!
You are too injured to fight recklessly!
You are too injured to fight recklessly!
You are too injured to fight recklessly!
You are too injured to fight recklessly!
You are too injured to fight recklessly!
You are too injured to fight recklessly!
The giant cockroach bites you but does no damage.
The giant cockroach closely misses you.
You completely miss the giant cockroach.
You tail-slap the giant cockroach.
The giant cockroach is almost dead.
The giant cockroach bites you but does no damage.
You closely miss the giant cockroach.
The giant cockroach is severely wounded.
The giant cockroach barely misses you.
You barely miss the giant cockroach.
The giant cockroach is severely wounded.
The giant cockroach barely misses you.
You hit the giant cockroach.
You kill the giant cockroach!
You hit the ball python but do no damage.
The ball python bites you. The ball python misses you.
You barely miss the ball python.
Your tail-slap misses the ball python.
The ball python bites you.
* * * LOW HITPOINT WARNING * * *
The ball python barely misses you.
You hit the ball python.
You kill the ball python!
The gnoll hits you with a +0 flail.
* * * LOW HITPOINT WARNING * * *
You see here a ball python corpse.
You hit the gnoll.
The gnoll is lightly wounded.
The gnoll hits you with a +0 flail!
You die...

.........# #.#
########.##########.#
#########.##.....†...#
.............#########
#########.############
#............#
#.##########[# #.# #.#
#@# #.#####
######g###### #......
#.....J.....# #.#####
#.####.####.# #.# #.#
#(# #.# #.# #.# #.#
#.# ..# #.. ..#


You could see a gnoll and an endoplasm.

Vanquished Creatures
  3 ball pythons (D:1)
  An endoplasm (D:1)
  A giant cockroach (D:1)
  A hobgoblin (D:1)
  2 quokkas (D:1)
  A bat (D:1)
  A kobold (D:1)
10 creatures vanquished.

Notes
Turn   | Place    | Note
-------+----------+-------------------------------------------
     0 | D:1      | pkoi the Draconian Monk began the quest for the Orb.
     0 | D:1      | Reached XP level 1. HP: 19/19 MP: 1/1
   618 | D:1      | Reached XP level 2. HP: 25/26 MP: 2/2
   660 | D:1      | Slain by a gnoll

Illustrated notes

Levels and vault maps discovered:
D:1:      elethiomel_arrival_shortcut, layout_loops_ring

Action                   || total
-------------------------++-------
Melee: Dagger            ||    34
       Unarmed           ||    18
       Tailslap          ||     9
 Stab: Sleeping          ||     1
Armor: Skin              ||     9
Dodge: Dodged            ||    32
